 Dungeon Crawl Stone Soup version 0.31-a0-879-g1609e0ac53 (webtiles) character file.

Game seed: 9365506143065633877

18 Kurtz the Sneak (level 2, -8/28 HPs)
             Began as a Naga Delver on Oct 14, 2023.
             Mangled by a kobold brigand
             ... wielding a +0 whip
              (9 damage)
             ... on level 5 of the Dungeon.
             The game lasted 00:00:18 (244 turns).

Kurtz the Sneak (Naga Delver)                        Turns: 244, Time: 00:00:19

Health: -8/28      AC:  3    Str: 14    XL:     2   Next: 70%
Magic:  2/2        EV:  7    Int: 10    God:
Gold:   15         SH:  0    Dex: 12    Spells: 1/1 levels left

rFire   + . .        a - +0 hand axe
rCold   + . .        (no shield)
rNeg    . . .        i - +0 scale mail
rPois   +            (no helmet)
rElec   +            (no cloak)
rCorr   +            (no gloves)
SInv    +            (no barding)
Will    .....        (no amulet)
Stlth   ++           (no ring)
HPRegen 0.24/turn    (no ring)
MPRegen 0.08/turn

%: no passive effects
@: resistant, hasted, quick
A: AC +0, large, see invisible, deformed body, poison resistance, slowness 2,
spit poison 1, naga tail 1
a: Spit Poison


You were on level 5 of the Dungeon.
You visited 1 branch of the dungeon, and saw 1 of its levels.

You collected 15 gold pieces.

Inventory:

Hand Weapons
 a - a +0 hand axe (weapon)
Armour
 b - a +0 leather armour
 i - a +0 scale mail (worn)
Wands
 g - a wand of digging (3)
Scrolls
 c - a scroll of fog
 d - a scroll of revelation
 e - a scroll of fear
 h - a scroll of identify {unknown}


   Skills:
 - Level 3.0 Fighting
 * Level 3.2 Axes
 - Level 1.5 Dodging
 - Level 7.2 Stealth


You had one spell level left.
You didn't know any spells.
Your spell library was empty.

Dungeon Overview and Level Annotations

Branches:
Dungeon (5/15)
 Temple: D:4-7

Altars:


Innate Abilities, Weirdness & Mutations

Your serpentine skin is tough. (AC +0)
You have supernaturally acute eyesight. (SInv)
Armour fits poorly on your strangely shaped body.
Your system is resistant to poisons. (rPois)
You cover ground very slowly.
You can spit poison.
You have a snake-like lower body.


Message History

You are too injured to fight recklessly!
Unknown command.
You are too injured to fight recklessly!
You are too injured to fight recklessly!
Unknown command.
You feel yourself speed up.
You feel sick. The kobold hits you with a +0 dagger.
Unknown command.
It was a potion of resistance.
You feel protected.
The kobold shouts!
Unknown command.
You are too injured to fight recklessly!
You are too injured to fight recklessly!
Unknown command.
You barely miss the kobold.
You feel sick. The kobold closely misses you.
You are too injured to fight recklessly!
You hit the kobold.
The kobold is severely wounded.
You feel sick.
You are no longer poisoned.
The kobold hits you with a +0 dagger.
* * * LOW HITPOINT WARNING * * *
Unknown command.
You are too injured to fight recklessly!
You hit the kobold.
You kill the kobold!
You are too injured to fight recklessly!
You are too injured to fight recklessly!
You closely miss the kobold brigand.
You are too injured to fight recklessly!
You barely miss the kobold brigand.
The kobold brigand hits you with a +0 whip.
* * * LOW HITPOINT WARNING * * *
You are too injured to fight recklessly!
You are too injured to fight recklessly!
You hit the kobold brigand.
The kobold brigand is lightly wounded.
The kobold brigand hits you with a +0 whip!
You die...

##.##### #.# #......# #.#
##.###.###.# ## ########.#
#.##.#. .. .........#
#.#.### ### #. #######..#
#..## # ##...#.
##.#.#####.###
#...!.K######.###.....#.#.
#....KKKK@.....#.####.##.#
#.?...K####.###.# #.####
....... #.# ## #.# ....K<.
#.# #.# .:...K. #.# #.#
..K.K.# #.# #.#### .#...#
#.# #..... #.#K #.# ....
... ####


You could see a kobold brigand and 5 kobolds.

Vanquished Creatures
  2 adders (D:5)
  A kobold (D:5)
3 creatures vanquished.

Notes
Turn   | Place    | Note
-------+----------+-------------------------------------------
     0 | D:5      | Kurtz the Naga Delver began the quest for the Orb.
     0 | D:5      | Reached XP level 1. HP: 21/21 MP: 1/1
    44 | D:5      | Reached XP level 2. HP: 20/28 MP: 2/2
   229 | D:5      | Noticed a kobold brigand
   243 | D:5      | HP: 1/28 [kobold brigand/+0 whip (6)]
   244 | D:5      | Mangled by a kobold brigand

Illustrated notes

Levels and vault maps discovered:
D:5:      layout_loops_ring, uniq_edmund

Skill      XL: |  1  2 |
---------------+-------+-----
Axes           | 3 |  3.2
Fighting       | |  3.0
Dodging        | |  1.5
Stealth        | |  7.2

Action                     || total
---------------------------++-------
  Melee: Hand axe          ||    14
Ability: Spit Poison       ||     1
    Use: Potion            ||     2
 Armour: Leather armour    ||     3
         Scale mail        ||    10
  Dodge: Dodged            ||     5

Table legend: (Time is in decaauts)
 A = Elapsed time spent in this place.
 B = Non-inter-level travel time spent in this place.
 C = Inter-level travel time spent in this place.
 D = Time resting spent in this place.
 E = Time spent auto-exploring this place.
 F = Levels seen in this place.
 G = Mean time per level.
                   A        B        C        D        E       F      G
               +--------+--------+--------+--------+--------+-----+--------+
         Total |    317 |    309 |      8 |     30 |    234 |   1 |  317.0 |
       Dungeon |    317 |    309 |      8 |     30 |    234 |   1 |  317.0 |
               +--------+--------+--------+--------+--------+-----+--------+

Top non-repeatable levels by time:
     D:5: 317 daAuts
